AoeStats
← [RAT] G0rm

Black Forest

507344182Analyzed
4v4 RM · 15d ago on Sep 17, 2026· 43m 2s· 8 players
Game mode
Random Map
Map size
Large (8 player)
Population
200
Speed
Normal
Resources
Standard
Victory
Conquest
Starting age
Dark Age
Ending age
Imperial Age
RankedLock teamsTeams togetherTeam positionsShared explorationLock speedFull tech treeHidden civsTurbo modeCheats
Victory
Defeat
🇩🇪 Malay · Germany
1606
+12
🇰🇷 Slavs · South Korea
1576
+13
🇺🇸 Hindustanis · United States
1471
+17
🇨🇱 Spanish · Chile
1442
+19
🇷🇴 Italians · Romania
1553
-17
🇳🇱 Turks · Netherlands
1540
-17
🇷🇴 Bohemians · Romania
1488
-14
🇷🇴 Britons · Romania
1441
-13
[RAT] Havik_AoE
11:01 Feudal Age
14:46 Castle Age
12:38 Double-Bit Axe
13:02 Horse Collar
18:21 Gold Mining
22:48 Imperial Age
20:31 Loom
21:33 Bow Saw
27:16 Wheelbarrow
32:01 Scale Barding Armor
32:11 Bloodlines
36:13 Chain Barding Armor
36:13 Heavy Plow
43:47 Plate Barding Armor
[RAT] G0rm
0:52 Loom
12:17 Feudal Age
16:44 Castle Age
14:31 Double-Bit Axe
15:00 Fletching
15:35 Horse Collar
18:10 Bow Saw
19:06 Bodkin Arrow
19:43 Gold Mining
20:33 Padded Archer Armor
22:24 Ballistics
23:34 Wheelbarrow
29:46 Thumb Ring
33:07 Imperial Age
33:58 Pirotechnia
35:21 Chemistry
35:55 Fortified Wall
35:43 Murder Holes
36:26 Bracer
36:43 Leather Archer Armor
41:24 Ring Archer Armor
42:24 Light Cavalry
43:15 Bloodlines
43:05 Husbandry
Mihail
0:43 Loom
14:43 Feudal Age
19:53 Castle Age
18:30 Double-Bit Axe
24:51 Sanctity
27:48 Town Watch
29:08 Fletching
30:37 Bodkin Arrow
mihai.flacaul
11:22 Feudal Age
12:09 Double-Bit Axe
12:05 Horse Collar
14:52 Castle Age
15:54 Bow Saw
15:46 Heavy Plow
19:59 Chemistry
19:09 Loom
21:09 Padded Archer Armor
26:01 Wheelbarrow
27:14 Leather Archer Armor
31:21 Imperial Age
30:12 Fervor
31:19 Hand Cart
31:39 Leather Archer Armor
33:18 Two-Man Saw
33:20 Ring Archer Armor
33:18 Siege Engineers
35:44 Wagenburg Tactics
35:59 Conscription
37:58 Houfnice
DoubleZX
1:44 Loom
12:22 Feudal Age
15:29 Castle Age
14:21 Double-Bit Axe
14:31 Town Watch
14:34 Horse Collar
19:16 Sanctity
19:46 Wheelbarrow
20:33 Fletching
22:30 Guard Tower
23:27 Bodkin Arrow
25:01 Bow Saw
26:31 Gold Mining
26:39 Stone Mining
27:18 Redemption
28:38 Gold Shaft Mining
28:31 Hand Cart
29:59 Scale Barding Armor
30:52 Forging
32:04 Ballistics
38:12 Imperial Age
36:14 Heavy Plow
37:25 Elite Battle Elephant
38:55 Iron Casting
38:49 Block Printing
38:45 Husbandry
40:44 Blast Furnace
43:15 Conscription
43:03 Bracer
[CL] ElPali
0:59 Loom
11:16 Feudal Age
15:12 Castle Age
13:55 Stone Mining
14:16 Double-Bit Axe
15:03 Horse Collar
15:17 Town Watch
17:37 Fletching
23:25 Bow Saw
24:48 Wheelbarrow
25:39 Gold Mining
26:27 Stone Shaft Mining
43:40 Imperial Age
41:34 Hand Cart
42:00 Ballistics
42:29 Bodkin Arrow
42:34 Padded Archer Armor
42:40 Elite Skirmisher
수상
3:06 Loom
11:22 Feudal Age
12:11 Double-Bit Axe
15:03 Castle Age
14:29 Horse Collar
16:32 Bow Saw
21:47 Gold Mining
22:03 Heavy Plow
23:12 Gold Mining
23:22 Stone Mining
24:49 Gold Shaft Mining
26:11 Wheelbarrow
29:11 Imperial Age
29:24 Onager
29:25 Capped Ram
30:19 Scale Mail Armor
31:30 Two-Man Saw
30:11 Man-at-Arms
30:22 Pikeman
31:03 Squires
31:19 Chain Mail Armor
31:17 Forging
30:54 Siege Onager
31:19 Long Swordsman
32:09 Two-Handed Swordsman
32:09 Halberdier
34:11 Plate Mail Armor
34:16 Iron Casting
34:04 Champion
36:13 Scale Barding Armor
37:08 Blast Furnace
35:46 Siege Ram
37:22 Bloodlines
37:12 Husbandry
36:33 Light Cavalry
37:34 Chain Barding Armor
39:16 Plate Barding Armor
39:05 Fletching
39:46 Hussar
41:04 Siege Engineers
43:20 Loom
Rabe3000
9:01 Loom
10:47 Feudal Age
12:48 Double-Bit Axe
15:20 Castle Age
16:49 Gold Mining
17:40 Bow Saw
19:46 Horse Collar
28:01 Imperial Age
26:48 Wheelbarrow
26:00 Town Watch
26:57 Padded Archer Armor
27:01 Heavy Plow
28:34 Leather Archer Armor
29:45 Chemistry
28:51 Siege Engineers
29:57 Ring Archer Armor
30:46 Two-Man Saw
31:28 Hand Cart
38:42 Shatagni
Connection lost

Rejoining the realm…

Still unreachable

The connection could not be restored.

Session expired

The server has moved on; the page needs a fresh start.